 Dungeon Crawl Stone Soup version 0.18-a0-1160-geb89fc2 (webtiles) character file.

78285 4thArraOfDagon the Shatterer (level 15, -8/171 HPs)
             Began as an Ogre Berserker on Jan 24, 2016.
             Was a High Priest of Trog.
             Killed from afar by a crystal guardian (48 damage)
             ... with a crystal bolt
             ... on level 3 of the Elven Halls.
             The game lasted 00:56:34 (9659 turns).

4thArraOfDagon the Shatterer (Ogre Berserker)       Turns: 9659, Time: 00:56:34

Health: -8/171     AC:  8    Str: 27 (28) XL:     15   Next: 59%
Magic:  20/20      EV: 13    Int:  8 (9)  God:    Trog [*****.]
Gold:   1069       SH:  6    Dex:  9      Spells: 0 memorised, 14 levels left

rFire  . . .     SeeInvis +     o - +5 dire flail (drain)
rCold  . . .     Gourm    .     U - +1 troll leather armour
rNeg   . . .     Faith    .     (shield currently unavailable)
rPois  .         Spirit   .     (helmet restricted)
rElec  .         Dismiss  .     (no cloak)
rCorr  .         Reflect  +     (gloves unavailable)
SustAt .         Harm     .     (boots unavailable)
MR     ++++.                    T - +4 amulet of reflection
Stlth  +.........               v - ring of protection from magic
                                t - ring of see invisible

@: about to teleport, regenerating, incredibly resistant to hostile
enchantments, very unstealthy
A: unfitting armour, claws 1, horns 1, talons 1, large bone plates 1,
deterioration 1, tough skin 1
a: Berserk, Trog's Hand, Brothers in Arms, Burn Spellbooks, Renounce Religion


You were on level 3 of the Elven Halls.
You worshipped Trog.
Trog was extremely pleased with you.
You were full.

You visited 3 branches of the dungeon, and saw 20 of its levels.
You visited the Abyss 2 times.
You visited 1 bazaar.
You also visited: Ossuary.

You collected 1465 gold pieces.
You spent 396 gold pieces at shops.

Inventory:

Hand Weapons
 o - a +5 dire flail of draining (weapon)
 r - a +0 giant spiked club
 O - a +4 great mace of protection
Missiles
 f - a throwing net (quivered)
 z - 5 javelins of returning
 G - 20 large rocks
Armour
 U - a +1 troll leather armour (worn)
Magical Staves
 y - an uncursed staff of air
Jewellery
 t - a ring of see invisible (left claw)
 v - a ring of protection from magic (right claw)
 T - a +4 amulet of reflection (around neck)
 Y - an uncursed ring of ice
Wands
 b - a wand of cold (7/15)
 h - a wand of lightning (6/15)
 s - a wand of fireball (8/15)
 B - a wand of teleportation (0/9)
 C - a wand of random effects (26/48)
 D - a wand of draining (10/15)
 L - a wand of fireball (6/15)
 M - a wand of slowing (18/48)
 N - a wand of digging (10/24)
 P - a wand of slowing (25/48)
 W - a wand of draining (3/15)
Scrolls
 e - 5 scrolls of enchant weapon
 i - a scroll of identify
 k - 4 scrolls of magic mapping
 p - 3 scrolls of fear
 u - 3 scrolls of remove curse
 x - 4 scrolls of immolation
 A - a scroll of torment
 I - 2 scrolls of summoning
 Q - a scroll of teleportation
 R - a scroll of fog
 S - 4 scrolls of noise
Potions
 d - 4 potions of curing
 g - 6 potions of haste
 l - 3 potions of cancellation
 m - 4 potions of brilliance
 q - a potion of cure mutation
 E - 4 potions of lignification
 F - a potion of resistance
 J - a potion of might
 K - 2 potions of magic
 V - 3 potions of flight
 X - 2 potions of agility
Books
 a - a book of the Earth

   Spells                             Type                      Level
   a - Leda's Liquefaction            Hexes/Earth                  4
   b - Bolt of Magma                  Conjuration/Fire/Earth       5
   c - Statue Form                    Transmutation/Earth          6
   d - Iron Shot                      Conjuration/Earth            6
   e - Shatter                        Earth                        9
   Trog disapproves of the use of such an item.
 n - a book of Air

   Spells                             Type                      Level
   a - Shock                          Conjuration/Air              1
   b - Swiftness                      Charms/Air                   2
   c - Repel Missiles                 Charms/Air                   2
   d - Static Discharge               Conjuration/Air              3
   e - Lightning Bolt                 Conjuration/Air              5
   Trog disapproves of the use of such an item.
 Z - a book of the Sky

   Spells                             Type                      Level
   a - Summon Lightning Spire         Summoning/Air                4
   b - Airstrike                      Air                          4
   c - Silence                        Hexes/Air                    5
   d - Deflect Missiles               Charms/Air                   6
   e - Conjure Ball Lightning         Conjuration/Air              6
   f - Tornado                        Air                          9
   Trog disapproves of the use of such an item.
Miscellaneous
 H - a lamp of fire
Comestibles
 c - 9 bread rations
 w - 2 meat rations


   Skills:
 + Level 16.3 Fighting
 * Level 21.9 Maces & Flails
 + Level 12.0 Dodging
 - Level 7.3 Evocations


You had 14 spell levels left.
You didn't know any spells.

Dungeon Overview and Level Annotations

Branches:
Dungeon (15/15)            Temple (0/1) D:7            Lair (0/8) D:11
    Orc (2/2) D:12            Elf (3/3) Orc:2        Vaults (0/5) D:13
 Depths: D:15

Altars:
Ashenzari
Cheibriados
Dithmenos
Elyvilon
Fedhas
Makhleb
Trog
Vehumet
Zin
The Shining One
Beogh

Shops:
D:6 (   D:13 *[   Orc:2 :(%?

Portals:
Pandemonium: Orc:2

Annotations:
D:12 exclusion: orange crystal statue, Frances
Elf:1 exclusion: Roxanne, Roxanne


Innate Abilities, Weirdness & Mutations

You are too large for most types of armour.
You have tough skin (AC +1).
You have sharp fingernails.
You have a pair of small horns on your head.
You have sharp toenails.
You are partially covered in large bone plates (AC +2, SH +2).
Your body sometimes deteriorates upon taking damage.


Message History

The crystal bolt burns you!
* * * LOW HITPOINT WARNING * * *
The crystal bolt burns you!
* * * LOW HITPOINT WARNING * * *
Unknown command.
Unknown command.
Your skin crawls.
You feel resistant to hostile enchantments.
You feel slightly less full.
Unknown command.
Drink which item? (? for menu, Esc to quit)
Okay, then.
Read which item? (? for menu, Esc to quit)
As you read the scroll of teleportation, it crumbles to dust.
You feel strangely unstable.
Drink which item? (? for menu, Esc to quit)
You feel much better.
The crystal guardian fires a crystalline bolt at you.
The crystal bolt burns you!
You die...

..#+## #.# #.# .....# #.# #.#
.....# #.# #.# .....# #.# #.#
*### .....# #.# #.# *#..##
.....###.# ##.# ##....##
.....##..#######..###......##
.....'.).......8....'.......#
.....##.######.#@####.......#
######### **#.###.#.########
#.8...##.## #.....#.##
##...#### *##.##* ***,...,***
***,,,...,,,***
****,,,,,...,,,,,****


You could see a crystal guardian.

Vanquished Creatures
  Louise (D:14)
  An orc warlord (D:14)
  A deep elf annihilator (Elf:2)
  A crystal guardian (Elf:3)
  Josephine (D:14)
  2 vault guards (D:13)
  The ghost of 4thArraOfDagon the Grappler, a journeyman DrCK of Xom (Orc:2)
  Harold (Orc:1)
  3 hydras
  An ogre mage (D:12)
  3 centaur warriors
  A tengu warrior (D:14)
  6 dancing weapons
  A soul eater (Orc:2)
  7 orc high priests (Orc:2)
  5 deep elf knights
  4 unseen horrors
  A skeletal warrior (D:14)
  5 deep elf archers
  2 infernal demonspawn (Orc:2)
  Pikel (D:6)
  5 wizards
  6 orc knights
  A necromancer (D:15)
  3 hill giants
  A wolf spider zombie (D:15)
  A griffon (D:15)
  6 orc sorcerers
  24 deep elf magi
  A faun (shapeshifter) (D:15)
  A centaur zombie (D:15)
  3 cyclopes
  A rust devil (Orc:2)
  3 gargoyles
  A smoke demon (Orc:2)
  A naga mage (D:15)
  3 centaur skeletons
  A redback zombie (D:15)
  An ice devil (Orc:2)
  A tengu conjurer (D:14)
  7 trolls
  A freezing wraith (D:14)
  5 red devils
  4 two-headed ogres
  A hornet zombie (D:15)
  5 slime creatures (D:14)
  A redback (D:14)
  A centaur simulacrum (D:15)
  A water elemental (D:15)
  A shadow (D:15)
  A vampire (D:14)
  6 wraiths
  A hungry ghost (D:13)
  9 yaks
  2 hippogriffs
  6 vampire mosquitoes
  20 humans (D:13)
  4 wargs
  Menkaure (D:4)
  A mottled dragon (D:13)
  A harpy simulacrum (D:15)
  Edmund (D:4)
  A chaos spawn (Orc:2)
  A water moccasin (D:12)
  Duvessa (D:4)
  36 orc warriors
  A sky beast (D:10)
  2 ice beasts
  2 black bears
  A large abomination (Abyss:2)
  A phantom (D:8)
  10 ogres
  2 eyes of draining
  A crocodile (D:11)
  3 centaurs
  2 big kobolds
  8 giant frogs
  4 gnoll sergeants (D:12)
  Dowan (D:4)
  A wyvern skeleton (D:14)
  5 scorpions
  12 killer bees
  10 wights
  A crimson imp (D:15)
  3 quasits
  A giant frog zombie (D:5)
  A gnoll shaman (D:10)
  3 jellies
  3 hounds
  22 orc priests
  23 orc wizards
  A giant frog skeleton (D:11)
  An iguana (D:6)
  A small abomination (Abyss:2)
  8 worker ants
  3 hound zombies
  2 mummies
  A worker ant zombie (D:11)
  5 gnolls (D:10)
  9 adders
  A shadow imp (D:6)
  2 oozes
  2 worms
  6 giant geckos
  95 orcs
  A ball python (D:4)
  5 giant cockroaches
  5 hobgoblins (D:3)
  4 jackals (D:6)
  3 quokkas
  A bat (D:3)
  A giant newt (D:3)
  2 gnoll zombies (Ossuary)
  2 goblin zombies (Ossuary)
  3 hobgoblin zombies (Ossuary)
  9 kobolds
  3 kobold zombies (Ossuary)
  An orc zombie (Ossuary)
  A fire vortex (D:15)
533 creatures vanquished.

Vanquished Creatures (collateral kills)
  A giant frog (D:14)
  An orc (Orc:2)
2 creatures vanquished.

Vanquished Creatures (others)
  Nessos (D:12)
  A deep elf archer (Elf:2)
  A deep elf mage (Elf:2)
  A wight (D:6)
  An orc wizard (Orc:1)
  A worker ant (D:6)
  An adder (D:4)
  An orc (Orc:2)
  2 kobold zombies (Ossuary)
10 creatures vanquished.

Grand Total: 545 creatures vanquished

Notes
Turn   | Place    | Note
--------------------------------------------------------------
     0 | D:1      | 4thArraOfDagon the Ogre Berserker began the quest for the Orb.
     0 | D:1      | Reached XP level 1. HP: 24/24 MP: 1/1
   102 | D:4      | Reached XP level 2. HP: 32/32 MP: 2/2
   108 | D:4      | Noticed an ogre
   117 | D:4      | Killed an ogre
   117 | D:4      | Reached skill level 5 in Maces & Flails
   117 | D:4      | Reached XP level 3. HP: 3/41 MP: 3/3
   117 | D:4      | Reached XP level 4. HP: 3/49 MP: 4/4
   336 | D:4      | Found a sand-covered staircase.
   340 | D:4      | Reached XP level 5. HP: 41/55 MP: 5/5
   371 | Ossuary  | Entered an ossuary
   382 | Ossuary  | Reached skill level 6 in Maces & Flails
   418 | Ossuary  | Reached skill level 5 in Fighting
   510 | D:4      | Gained mutation: Your body sometimes deteriorates upon taking damage. [potion of mutation]
   510 | D:4      | Gained mutation: You have sharp fingernails. [potion of mutation]
   510 | D:4      | Gained mutation: You have sharp toenails. [potion of mutation]
   549 | D:4      | Noticed Menkaure
   557 | D:4      | Killed Menkaure
   557 | D:4      | Reached XP level 6. HP: 66/66 MP: 6/6
   594 | D:4      | Noticed Edmund
   624 | D:4      | Killed Edmund
   624 | D:4      | Reached skill level 7 in Maces & Flails
   767 | D:4      | Reached XP level 7. HP: 75/75 MP: 7/7
   768 | D:4      | Reached ** piety under Trog
   806 | D:4      | Noticed Duvessa
   807 | D:4      | Noticed Dowan
   822 | D:4      | Killed Duvessa
   822 | D:4      | Reached skill level 8 in Maces & Flails
   828 | D:4      | Killed Dowan
   960 | D:5      | Entered Level 5 of the Dungeon
  1072 | D:5      | You fall through a shaft for 2 floors!
  1223 | D:6      | Reached XP level 8. HP: 77/84 MP: 8/8
  1271 | D:6      | Noticed Pikel
  1278 | D:6      | Killed Pikel
  1278 | D:6      | Reached skill level 10 in Maces & Flails
  1278 | D:6      | Reached skill level 5 in Dodging
  1298 | D:6      | Found a radiant altar of Vehumet.
  1375 | D:6      | Found Wypapor's Antique Weapon Shoppe.
  1406 | D:6      | Found a shadowy altar of Dithmenos.
  1507 | D:5      | Found a snail-covered altar of Cheibriados.
  1622 | D:7      | Found a staircase to the Ecumenical Temple.
  1695 | D:7      | Reached skill level 11 in Maces & Flails
  1695 | D:7      | Reached XP level 9. HP: 70/97 MP: 9/9
  1758 | D:7      | Found a white marble altar of Elyvilon.
  1759 | D:7      | Found a glowing silver altar of Zin.
  1760 | D:7      | Found a glowing golden altar of the Shining One.
  1843 | D:8      | Reached *** piety under Trog
  2041 | D:8      | Reached skill level 12 in Maces & Flails
  2051 | D:8      | Found a burning altar of Makhleb.
  2155 | D:8      | Found a bloodstained altar of Trog.
  2168 | D:8      | Noticed a cyclops
  2176 | D:8      | Killed a cyclops
  2190 | D:8      | Found a blossoming altar of Fedhas.
  2285 | D:9      | Found a shattered altar of Ashenzari.
  2340 | D:10     | Entered Level 10 of the Dungeon
  2358 | D:10     | Reached XP level 10. HP: 109/109 MP: 0/10
  2372 | D:10     | Reached skill level 13 in Maces & Flails
  2410 | D:10     | Gained mutation: You have a pair of small horns on your head. [potion of beneficial mutation]
  2411 | D:10     | Gained mutation: You are partially covered in large bone plates (AC +2, SH +2). [potion of beneficial mutation]
  2487 | D:11     | Reached **** piety under Trog
  2487 | D:11     | Reached skill level 10 in Fighting
  2817 | D:11     | Noticed an unseen horror
  2822 | D:11     | Killed an unseen horror
  2822 | D:11     | Reached skill level 14 in Maces & Flails
  2822 | D:11     | Reached skill level 1 in Evocations
  3043 | D:11     | Noticed a four-headed hydra
  3052 | D:11     | Killed a four-headed hydra
  3052 | D:11     | Reached XP level 11. HP: 120/120 MP: 12/12
  3124 | D:11     | Found a staircase to the Lair.
  3129 | D:11     | Noticed a cyclops
  3145 | D:11     | Killed a cyclops
  3202 | D:12     | Noticed an eight-headed hydra
  3206 | D:12     | Killed an eight-headed hydra
  3206 | D:12     | Reached skill level 15 in Maces & Flails
  3268 | D:13     | Noticed an unseen horror
  3299 | D:13     | Killed an unseen horror
  3319 | D:13     | Noticed an eight-headed hydra
  3323 | D:13     | Killed an eight-headed hydra
  3418 | D:13     | Found Onuuloil's General Store.
  3418 | D:13     | Noticed a hill giant
  3421 | D:13     | Killed a hill giant
  3499 | D:13     | Found a flickering gateway to a bazaar.
  3521 | Bazaar   | Entered a bazaar
  3535 | Bazaar   | Found Tuju's Magic Scroll Shoppe.
  3535 | Bazaar   | Found Vaiziu's Gadget Emporium.
  3556 | Bazaar   | Found Cesytuacha's Assorted Antiques.
  3571 | Bazaar   | Found Eplethay's Jewellery Emporium.
  3591 | Bazaar   | Bought a scroll labeled YFYNA AQANU for 20 gold pieces
  3591 | Bazaar   | Bought a scroll labeled YFYNA AQANU for 20 gold pieces
  3591 | Bazaar   | Bought a scroll labeled FICSEITIC for 20 gold pieces
  3591 | Bazaar   | Bought 3 scrolls labeled ESETIMPANGI for 60 gold pieces
  3605 | Bazaar   | Bought a scroll of identify for 22 gold pieces
  3605 | Bazaar   | Bought a scroll of fog for 22 gold pieces
  3605 | Bazaar   | Bought a scroll of enchant weapon for 82 gold pieces
  3605 | Bazaar   | Bought a scroll of teleportation for 33 gold pieces
  3605 | Bazaar   | Bought a scroll of identify for 22 gold pieces
  3605 | Bazaar   | Bought a scroll of noise for 11 gold pieces
  3679 | D:13     | Found Zamnue's Antique Armour Boutique.
  3769 | D:12     | Noticed an ogre mage
  3769 | D:12     | Noticed an unseen horror
  3780 | D:14     | Noticed a deep elf mage
  3845 | D:14     | Reached skill level 16 in Maces & Flails
  3852 | D:14     | Killed a deep elf mage
  3911 | D:14     | Noticed a deep elf mage
  3926 | D:15     | Entered Level 15 of the Dungeon
  3933 | D:15     | Reached XP level 12. HP: 120/132 MP: 15/15
  4079 | D:15     | Noticed a centaur warrior
  4095 | D:15     | Killed a centaur warrior
  4307 | D:14     | Noticed Josephine
  4328 | D:14     | Killed Josephine
  4335 | D:14     | Reached skill level 17 in Maces & Flails
  4462 | D:15     | Reached skill level 5 in Evocations
  4656 | D:14     | Cast into level 2 of the Abyss (a wizard)
  4683 | Abyss:2  | Found a bloodstained altar of Trog.
  4722 | Abyss:2  | Found a corrupted altar of Lugonu.
  4731 | Abyss:2  | Noticed a starcursed mass
  4743 | Abyss:2  | jacquesderrida: OGAR
  4761 | Abyss:2  | Found a corrupted altar of Lugonu.
  4782 | Abyss:2  | Noticed a thrashing horror
  4834 | Abyss:2  | Noticed a brown very ugly thing
  4840 | Abyss:2  | Found a corrupted altar of Lugonu.
  4862 | D:14     | Escaped the Abyss
  4900 | D:14     | Noticed Louise
  4916 | D:14     | Noticed a tengu warrior
  4948 | D:14     | Killed a tengu warrior
  5002 | D:14     | Noticed a deep elf knight
  5003 | D:14     | Noticed an orc warlord
  5025 | D:14     | Killed a deep elf knight
  5148 | D:13     | Reached XP level 13. HP: 128/144 MP: 17/17
  5222 | D:13     | Reached skill level 18 in Maces & Flails
  5287 | D:13     | Found a gate to the Vaults.
  5287 | D:13     | Noticed a vault guard
  5287 | D:13     | Noticed a vault guard
  5308 | D:13     | Killed a vault guard
  5318 | D:13     | Killed a vault guard
  5318 | D:13     | Reached skill level 10 in Dodging
  5420 | D:14     | Cast into level 2 of the Abyss (orc warlord)
  5451 | D:14     | Escaped the Abyss
  5468 | D:14     | Killed an orc warlord
  5517 | D:14     | 4thArraOfDagon: dem abyss trips
  5862 | D:14     | Reached skill level 19 in Maces & Flails
  5865 | D:14     | Killed Louise
  6234 | D:14     | jacquesderrida: ogar engry
  6302 | D:12     | Reached XP level 14. HP: 152/156 MP: 19/19
  6304 | D:12     | jacquesderrida: onlt two teeth on the lower jaw...
  6316 | D:12     | Noticed Nessos
  6320 | D:12     | jacquesderrida: poor engar oger...
  6325 | D:12     | Killed Nessos
  6390 | D:12     | Noticed Frances
  6548 | D:12     | Found a staircase to the Orcish Mines.
  6989 | Orc:1    | Entered Level 1 of the Orcish Mines
  6993 | Orc:1    | Noticed Harold
  7003 | Orc:1    | Killed Harold
  7151 | Orc:1    | Found a runed door.
  7178 | Orc:1    | Reached ***** piety under Trog
  7234 | Orc:1    | Found a roughly hewn altar of Beogh.
  7328 | Orc:1    | Reached skill level 20 in Maces & Flails
  7364 | Orc:2    | Entered Level 2 of the Orcish Mines
  7365 | Orc:2    | Noticed 4thArraOfDagon's ghost (journeyman DrCK)
  7658 | Orc:2    | Received a gift from Trog
  7751 | Orc:2    | Killed 4thArraOfDagon's ghost
  7804 | Orc:2    | Found a staircase to the Elven Halls.
  7983 | Orc:2    | Reached skill level 15 in Fighting
  7990 | Orc:2    | Found Nufurhur's Food Shop.
  8038 | Orc:2    | Found Qeonudep's Magic Scroll Boutique.
  8278 | Orc:2    | Bought a scroll of magic mapping for 42 gold pieces
  8278 | Orc:2    | Bought a scroll of magic mapping for 42 gold pieces
  8690 | Orc:2    | Reached skill level 21 in Maces & Flails
  8690 | Orc:2    | Reached XP level 15. HP: 109/167 MP: 20/20
  8717 | Orc:2    | Found Hidduf's Antique Weapon Shoppe.
  8717 | Orc:2    | Found a one-way gate leading to the halls of Pandemonium.
  8717 | Orc:2    | Found Katinan's Book Emporium.
  8796 | Elf:1    | Entered Level 1 of the Elven Halls
  9124 | Elf:1    | Noticed Roxanne
  9251 | Elf:3    | Entered Level 3 of the Elven Halls
  9562 | Elf:3    | :(
  9655 | Elf:3    | HP: 2/171 [crystal guardian/crystal bolt (36)]
  9659 | Elf:3    | Killed from afar by a crystal guardian

Vault maps used:
D:1:      lemuel_arrival_broad_hall
D:2:      nicolae_ru_the_path_less_chosen
D:3:      lemuel_zombie_altar_yredelemnul, uniq_grinder
D:4:      overflow_temple_1_default, gup_sewer_entry_glass,
          gup_ossuary_entry_pyramid, uniq_edmund, uniq_menkaure, uniq_duvessa
D:5:      first_bread, basic_altar
D:6:      nicolae_overflow_crystal_walls, nicolae_dithmenos_the_darkroom,
          kennysheep_mini, serial_shops, shop, uniq_pikel
D:7:      good_gods_temple_1, temple_doors_e, uniq_joseph
D:8:      fedhas_altar_1, bloody_makhleb, lemuel_crystal_altar, basic_altar
D:9:      nicolae_gozag_cash_rules_everything_around_me,
          lemuel_coloured_pillars_altar, serial_shops, shop_coins,
          david_nohive_1, evilmike_ruin_ashenzari, uniq_erica
D:11:     cheibrodos_magma_flow, lair_0_dummy
D:12:     kennysheep_orc_monster_closet_entryway, grunt_ministairs_3,
          minivault_16, uniq_frances, uniq_nessos
D:13:     grunt_vaults_entry_tiered, serial_shops, bzr_entry_lakeside,
          nicolae_shop_trees, nicolae_shop_behind_doors
D:14:     minmay_containers, minivault_25, einodemon_armed_red_devil_minivault,
          uniq_josephine, uniq_louise
D:15:     grunt_enter_depths_magical_seal, nicolae_lava_and_water
Orc:1:    nicolae_orc_accident_3, lightli_church_of_beogh, uniq_harold
Orc:2:    pf_orc_diabolical, basic_altar, uniq_rupert
Elf:1:    minmay_elf_arrival_plus, minmay_elf_demonology, nicolae_rare_books,
          uniq_roxanne
Elf:2:    uniq_donald, uniq_norris, uniq_asterion, uniq_agnes
Elf:3:    minmay_elf_hall_golems, spider_trap, minivault_11
Abyss:2:  minivault_26
Bazaar:   bazaar_short_row
Ossuary:  ossuary_zaba_two_paths

Action                   |  1- 3 |  4- 6 |  7- 9 | 10-12 | 13-15 || total
-------------------------+-------+-------+-------+-------+-------++-------
Melee: Mace              |    21 |     8 |       |       |       ||    29
       Dire flail        |       |    50 |       |       |   324 ||   374
       Flail             |       |    11 |   248 |   495 |   593 ||  1347
       Great mace        |       |       |       |       |    57 ||    57
       Giant spiked club |       |       |       |       |    20 ||    20
Throw: Throwing net      |       |       |       |       |     1 ||     1
Invok: Berserk           |     2 |     8 |     9 |    21 |    29 ||    69
       Trog's Hand       |       |       |     2 |    21 |    27 ||    50
       Brothers in Arms  |       |       |       |       |     2 ||     2
Evoke: Wand              |       |       |       |     4 |    14 ||    18
  Use: Scroll            |       |    10 |     5 |    16 |    10 ||    41
       Potion            |       |     1 |       |     2 |     4 ||     7
 Stab: Held in net/web   |       |       |       |       |     2 ||     2
  Eat: Chunk             |       |     9 |    15 |    25 |    36 ||    85
       Fruit             |       |       |       |     2 |     4 ||     6
       Beef jerky        |       |       |       |     2 |     1 ||     3
       Bread ration      |       |       |       |     1 |       ||     1
       Pizza             |       |       |       |     1 |       ||     1
       Royal jelly       |       |       |       |     1 |     2 ||     3
       Meat ration       |       |       |       |       |     2 ||     2
